 Dungeon Crawl Stone Soup version 0.30-a0-862-g1aabd4f9c5 (webtiles) character file.

Game seed: 8929809448978034775

2892 dolemite99 the Fighter (level 10, -2/81 HPs)
             Began as a Djinni Conjurer on Mar 9, 2023.
             Was a Follower of Ashenzari.
             Slain by a troll (11 damage)
             ... on level 8 of the Dungeon.
             The game lasted 00:13:14 (9309 turns).

dolemite99 the Fighter (Djinni Conjurer)            Turns: 9309, Time: 00:13:14

Health: -2/81      AC:  6    Str:  6    XL:     10   Next: 5%
Gold:   312        EV: 11    Int: 25    God:    Ashenzari [*.....] SH:  0 Dex: 11

rFire   + + .      SeeInvis .    a - +4 dagger (venom)
rCold   x . .      Faith    .    (no shield)
rNeg    . . .      Spirit   .    D - +3 leather armour of the Shackled Sphere {Self, Evo} (curse)
rPois   ∞          Reflect  .    (no helmet)
rElec   .          Rampage  .    (no cloak)
rCorr   .                        (no gloves)
Will    +....                    (boots unavailable)
Stlth   +                        (no amulet)
HPRegen 0.33/turn                k - ring of the Oracular Prison {Wiz, Melee, Self} (curse)
MPRegen 0.00/turn                (no ring)

@: flying
A: sickness immunity, fire resistance 2, cold vulnerability 1, float, innate
caster, HP casting, extra vitality 1
a: Renounce Religion, Curse Item, Shatter the Chains


You were on level 8 of the Dungeon.
You worshipped Ashenzari.
Ashenzari was aware of your devotion.
You visited 1 branch of the dungeon, and saw 8 of its levels.

You collected 312 gold pieces.

Inventory:

Hand Weapons
 a - a +4 dagger of venom (weapon)
 e - a +0 club
 f - a +0 spear
 j - a +0 whip of freezing
 l - a +3 long sword of freezing
 r - a +0 long sword
 y - the +3 spear of the Stopping Hawk {heavy, rF- Str+9 Dex+3}
   (You found it on level 5 of the Dungeon)

   Str:       It affects your strength (+9).
   Dex:       It affects your dexterity (+3).
   rF:        It makes you vulnerable to fire.
 B - a +0 trident of venom
Missiles
 b - 2 throwing nets
 g - 9 curare-tipped darts
Armour
 i - +0 steam dragon scales
 D - the cursed +3 leather armour of the Shackled Sphere (worn) {Self, Evo}
   (You took it off a gnoll bouda on level 6 of the Dungeon)

   It has a curse which improves the following skills: Introspection: Fighting
   and Spellcasting.
   Evocations: Evocations.
Jewellery
 k - the cursed ring of the Oracular Prison (left hand) {Wiz, Melee, Self}
   (You found it on level 5 of the Dungeon)

   [ring of wizardry]

   It improves your spell success rate.
   It has a curse which improves the following skills: Melee Combat: Short
   Blades, Long Blades, Axes, Maces & Flails, Polearms, Staves and Unarmed
   Combat.
   Introspection: Fighting and Spellcasting.
 s - a ring of wizardry
Wands
 A - a wand of quicksilver (3)
Scrolls
 c - a scroll of brand weapon
 d - a scroll of teleportation
 o - a scroll of fog
Potions
 h - 4 potions of curing
 m - a potion of cancellation
 n - 2 potions of might
 t - 2 potions of flight
 w - 4 potions of heal wounds
 x - a potion of lignification
 C - 3 potions of degeneration


   Skills:
 * Level 9.6(10.9) Fighting
 - Level 2.1 Dodging
 - Level 1.5 Stealth
 + Level 7.7(9.1) Spellcasting


You knew the following spells:

 Your Spells              Type           Power      Damage    Failure   Level
a - Magic Dart            Conj           100%       1d8       1%          1
b - Sandblast             Erth           100%       2d20      1%          1
c - Poisonous Vapours     Pois/Air       100%       N/A       1%          2
d - Searing Ray           Conj           100%       2d8       1%          2
e - Iskenderun's Mystic   Conj/Tloc      54%        2d12      1%          4
f - Dazzling Flash        Conj/Hex       100%       N/A       1%          3
g - Call Imp              Summ           54%        N/A       1%          2
h - Fulminant Prism       Conj/Hex       27%        3d13      1%          4
i - Gell's Gravitas       Tloc           54%        N/A       1%          3
Your spell library was empty.

Dungeon Overview and Level Annotations

Branches:
Dungeon (8/15)             Temple (0/1) D:7
   Lair: D:8-11

Altars:
Ashenzari
Dithmenos
Fedhas
Hepliaklqana
Makhleb
Nemelex Xobeh
Okawaru
Qazlal
Ru
Uskayaw

Annotations:
D:5 3 runed translucent doors, Nabski's ghost, novice TeFE
D:7 1 runed translucent door, Crazy Yiuf


Innate Abilities, Weirdness & Mutations

You are immune to sickness and miasma.
You are immune to poison.
Your flesh is very heat resistant. (rF++)
You are vulnerable to cold. (rC-)
You float through the air rather than walking.
You learn spells naturally, not from books.
Your magical power is your life essence.
You have superior vitality. (+4 MHP)


Message History

The blast of energy engulfs the orc priest!
The orc priest is almost dead.
The blast of energy engulfs the orc priest!
The orc priest is heavily wounded.
You hear a shout!
Casting: Fulminant Prism (mildly dangerous; 1% risk of failure)
Confirm with . or Enter, or press ? or * to list all spells.
Aiming: Fulminant Prism (mildly dangerous; 1% risk of failure)
Press: ? - help, Dir - move target You conjure a prism of explosive energy!
A fulminant prism comes into view.
An orc wizard comes into view. It is wielding a +0 dagger.
Your fulminant prism crackles loudly.
The orc priest miscasts a cantrip.
Your fulminant prism explodes!
You hear a shout!
You hear a croak.
The warg attacks as you move away! The warg bites you! The warg bites you.
You see here a potion of attraction.
The warg bites you!
Casting: Fulminant Prism (mildly dangerous; 1% risk of failure)
Confirm with . or Enter, or press ? or * to list all spells.
Aiming: Sandblast (safe; 1% risk of failure)
Press: ? - help, Shift-Dir - straight line, f - warg
Aim: a warg (lightly wounded, 82% to hit)
The blast of sand hits the warg!!
The warg is severely wounded.
The warg bites you! The warg completely misses you.
As you read the scroll of fear, it crumbles to dust.
You assume a fearsome visage.
The orc priest looks frightened!
The warg looks frightened!
The orc priest looks frightened!
A troll comes into view.
The troll shouts!
The troll bites you. The troll claws you! The troll claws you.
The warg pauses to sniff the ground.
The troll bites you!
* * * LOW HITPOINT WARNING * * *
The troll claws you!
* * * LOW HITPOINT WARNING * * *
The troll claws you!
You die...

..)..#...##.#
#...#######.......
.......!.##^#
#......o..o.#+#.#.
.##..###.##.#
#...h#####.......#
.##..# #.##.# #....#
#.......# ..#..# #.##.#
#....# #.......#
..#..###.##.## #...##
#.......#
.............####.##
#........
...........#....#.#
####.#+##
..#.######.####.@T# ..
..#.# #.# #..##### ...
..#.######.####.>....##
.......................
..#.######.#########.##
.............# ..
................. #
.##...........##.# .
########.#..#


You could see a troll and a warg.

Vanquished Creatures
  Pikel (D:7)
  A wyvern (D:7)
  A steam dragon (D:7)
  Menkaure (D:5)
  A water moccasin (D:4)
  An orc warrior (D:6)
  3 black bears
  2 phantoms (D:5)
  A bullfrog (D:7)
  4 scorpions
  4 wights (D:7)
  A howler monkey (D:6)
  A crimson imp (D:3)
  A gnoll bouda (D:6)
  5 orc priests
  4 hounds
  2 sleepcaps (D:6)
  3 iguanas
  9 orc wizards
  6 adders
  4 gnolls (D:6)
  2 white imps
  2 ufetubi
  2 worms
  A dart slug (D:2)
  21 orcs
  4 endoplasms
  3 giant cockroaches
  9 goblins
  5 hobgoblins
  8 jackals
  9 kobolds
  3 quokkas
  8 ball pythons
  5 bats
  A frilled lizard (D:1)
  6 rats
145 creatures vanquished.

Vanquished Creatures (others)
  5 fulminant prisms
5 creatures vanquished.

Grand Total: 150 creatures vanquished

Notes
Turn   | Place    | Note
-------+----------+-------------------------------------------
     0 | D:1      | dolemite99 the Djinni Conjurer began the quest for the Orb.
     0 | D:1      | dolemite99 set off with the following spells memorised:
                  | Magic Dart, Searing Ray, Dazzling Flash, Fulminant Prism,
                  | Iskenderun's Mystic Blast.
     0 | D:1      | Reached XP level 1. HP: 15/15 MP: 0/0
   218 | D:1      | Reached XP level 2. HP: 19/21 MP: 0/0
   549 | D:1      | Reached XP level 3. HP: 15/25 MP: 0/0
   549 | D:1      | Learned a level 1 spell: Sandblast
   986 | D:1      | Found a faded altar of an unknown god.
  1155 | D:2      | You are sucked into a shaft and drop 1 floor!
  1362 | D:2      | Reached XP level 4. HP: 30/31 MP: 0/0
  1880 | D:2      | Found a hazy altar of Hepliaklqana.
  1906 | D:2      | Reached XP level 5. HP: 34/35 MP: 0/0
  1906 | D:2      | Learned a level 2 spell: Call Imp
  2566 | D:3      | Reached skill level 5 in Spellcasting
  2610 | D:3      | Found a burning altar of Makhleb.
  2620 | D:3      | Found a stormy altar of Qazlal.
  2630 | D:3      | Found a broken altar of Ashenzari.
  2639 | D:3      | Became a worshipper of Ashenzari the Shackled
  2650 | D:3      | Found an iron altar of Okawaru.
  2693 | D:3      | Found a sacrificial altar of Ru.
  2985 | D:4      | Reached XP level 6. HP: 12/40 MP: 0/0
  3622 | D:4      | Noticed a black bear
  3624 | D:4      | Reached skill level 1 in Fighting
  4035 | D:4      | Reached skill level 2 in Fighting
  4099 | D:4      | Reached XP level 7. HP: 48/49 MP: 0/0
  4099 | D:4      | Learned a level 2 spell: Poisonous Vapours
  4272 | D:5      | Entered Level 5 of the Dungeon
  4273 | D:5      | Noticed a water moccasin
  4285 | D:4      | Reached skill level 3 in Fighting
  4292 | D:4      | Killed a water moccasin
  4411 | D:5      | Reached skill level 4 in Fighting
  4568 | D:5      | Reached XP level 8. HP: 44/58 MP: 0/0
  4706 | D:5      | Noticed Menkaure
  4718 | D:5      | Killed Menkaure
  4719 | D:5      | Reached skill level 5 in Fighting
  5118 | D:5      | Found a runed translucent gate.
  5118 | D:5      | Found a runed translucent gate.
  5118 | D:5      | Found a runed translucent gate.
  5486 | D:5      | Reached skill level 6 in Fighting
  5614 | D:5      | Found a shadowy altar of Dithmenos.
  5617 | D:5      | Identified the +3 spear of the Stopping Hawk {heavy, rF-
                  | Str+9 Dex+3}
  5637 | D:5      | Noticed Nabski's ghost (novice TeFE)
  6244 | D:6      | Reached XP level 9. HP: 64/68 MP: 0/0
  6244 | D:6      | Learned a level 3 spell: Gell's Gravitas
  6649 | D:6      | Reached skill level 7 in Fighting
  7360 | D:6      | Found a blossoming altar of Fedhas.
  7360 | D:6      | Found a hazy altar of Hepliaklqana.
  7413 | D:7      | Reached * piety under Ashenzari
  7466 | D:7      | Found a runed translucent door.
  7467 | D:7      | Noticed Crazy Yiuf
  7511 | D:7      | Reached skill level 8 in Fighting
  7538 | D:7      | Found a hide-covered altar of Uskayaw.
  8033 | D:7      | Noticed Pikel
  8048 | D:7      | Killed Pikel
  8049 | D:7      | Reached skill level 9 in Fighting
  8433 | D:7      | Found a sparkling altar of Nemelex Xobeh.
  8629 | D:7      | Reached XP level 10. HP: 59/81 MP: 0/0
  8892 | D:7      | Found a staircase to the Ecumenical Temple.
  9309 | D:8      | Slain by a troll

Illustrated notes

Levels and vault maps discovered:
D:1:      saegor_arrival_under_anarchy, layout_loops_corners,
          shapermc_ecumenical_altar_mp_highgroup
D:2:      layout_loops_corners, basic_altar
D:3:      layout_rooms, grunt_temple_overflow_lords_of_destruction,
          nicolae_ru_path_of_blood, grunt_qazlal_clouds,
          mainiacjoe_overflow_boulevard, mainiacjoe_overflow_tiny_flanked
D:4:      layout_rooms, st_stairs_6
D:5:      layout_rooms, nicolae_dithmenos_the_darkroom, gammafunk_ghost_icy,
          uniq_menkaure
D:6:      layout_basic, gammafunk_temple_overflow_elements, chequers_garden,
          lightli_minifort
D:7:      layout_loops_corners, general_overflow_altar,
          lemuel_coloured_pillars_altar, nicolae_uskayaw_suspiria,
          minmay_temple_entry_from_below_a, uniq_crazy_yiuf_cottage, uniq_pikel
D:8:      layout_basic, erik_lair_orcish_takeover

Skill      XL: |  1  2  3  4  5  6  7  8  9 |
---------------+----------------------------+-----
Spellcasting   | 4 5 6 7 |  7.7
Fighting       | 2 4 6 9 |  9.6
Dodging        | |  2.1
Stealth        | |  1.5

Action                     |  1- 3 |  4- 6 |  7- 9 | 10-12 || total
---------------------------+-------+-------+-------+-------++-------
  Melee: Unarmed           |     1 |       |       |       ||     1
         Spear             |       |     1 |     1 |       ||     2
         Dagger            |       |       |     7 |       ||     7
   Cast: Magic Dart        |    60 |    54 |    52 |     2 ||   168
         Searing Ray       |     1 |     7 |     3 |     2 ||    13
         Sandblast         |       |    38 |    55 |     2 ||    95
         Poisonous Vapours |       |       |    64 |     5 ||    69
         Fulminant Prism   |       |       |     1 |     4 ||     5
 Invoke: Curse Item        |       |       |     2 |       ||     2
    Use: Potion            |       |     1 |     2 |       ||     3
         Scroll            |       |       |    15 |     1 ||    16
 Armour: Robe              |     2 |     9 |     3 |       ||    14
         Leather armour    |       |       |    10 |       ||    10
  Dodge: Dodged            |    13 |    46 |    46 |     1 ||   106

Table legend: (Time is in decaauts)
 A = Elapsed time spent in this place.
 B = Non-inter-level travel time spent in this place.
 C = Inter-level travel time spent in this place.
 D = Time resting spent in this place.
 E = Time spent auto-exploring this place.
 F = Levels seen in this place.
 G = Mean time per level.
                   A        B        C        D        E       F      G
               +--------+--------+--------+--------+--------+-----+--------+
         Total |   9357 |   9055 |    302 |   3086 |   4518 |   8 | 1169.6 |
       Dungeon |   9357 |   9055 |    302 |   3086 |   4518 |   8 | 1169.6 |
               +--------+--------+--------+--------+--------+-----+--------+

Top non-repeatable levels by time:
     D:2: 1688 daAuts
     D:7: 1593 daAuts
     D:5: 1565 daAuts
     D:6: 1296 daAuts
     D:4: 1282 daAuts
     D:1: 1093 daAuts
     D:3: 512 daAuts
     D:8: 326 daAuts
